 Dungeon Crawl Stone Soup version 0.28.0 (webtiles) character file.

Game seed: 18064505538371781079

74 a3don the Ducker (level 4, 0/31 HPs)
             Began as a Djinni Hedge Wizard on Feb 8, 2022.
             Killed from afar by an orc wizard (6 damage)
             ... with a magic dart
             ... on level 3 of the Dungeon.
             The game lasted 00:07:48 (5295 turns).

a3don the Ducker (Djinni Hedge Wizard)              Turns: 5295, Time: 00:07:49

Health: 0/31       AC:  2    Str:  9    XL:     4   Next: 54%
Gold:   71         EV: 13    Int: 17    God:
                   SH:  0    Dex: 13

rFire   + + .      SeeInvis .   h - +1 whip (pain)
rCold   x . .      Faith    .   (no shield)
rNeg    . . .      Spirit   .   b - +0 robe
rPois   ∞          Reflect  .   c - +0 hat
rElec   .          Harm     .   (no cloak)
rCorr   .          Rampage  .   (no gloves)
Will    .....                   (boots unavailable)
Stlth   ++........              (no amulet)
HPRegen 0.10/turn               (no ring)
MPRegen 0.00/turn               (no ring)

@: flying
A: sickness immunity, fire resistance 2, cold vulnerability 1, float, innate
caster, HP casting, extra vitality 1
a: no special abilities


You were on level 3 of the Dungeon.
You visited 1 branch of the dungeon, and saw 3 of its levels.

You collected 71 gold pieces.

Inventory:

Hand Weapons
 a - a +0 dagger
 h - a +1 whip of pain (weapon)
Missiles
 p - 6 poisoned darts
Armour
 b - a +0 robe (worn)
 c - a +0 hat (worn)
Scrolls
 e - a scroll of enchant armour {unknown}
 i - a scroll of identify {unknown}
 j - 2 scrolls of acquirement {unknown}
 q - a scroll of vulnerability {unknown}
Potions
 d - 3 potions of curing {unknown}
 f - a potion of haste {unknown}
 g - a potion of flight {unknown}
 k - a potion of degeneration {unknown}
 l - a potion of invisibility {unknown}
 m - a potion of lignification {unknown}
 n - 2 potions of attraction {unknown}
 o - a potion of might {unknown}


   Skills:
 + Level 0.9 Fighting
 + Level 3.3 Dodging
 - Level 2.3 Stealth
 + Level 3.0 Spellcasting


You couldn't memorise any spells.
You knew the following spells:

 Your Spells              Type           Power      Damage    Failure   Level
a - Magic Dart            Conj           48%        1d5       4%          1
b - Blink                 Tloc           24%        N/A       8%          2
c - Call Imp              Summ           12%        N/A       8%          2
d - Slow                  Hex            48%        N/A       4%          1
e - Conjure Flame         Conj/Fire      12%        6-21      16%         3
f - Mephitic Cloud        Conj/Pois/Air  12%        N/A       16%         3
g - Freeze                Ice            48%        1d7       4%          1
Your spell library was empty.

Dungeon Overview and Level Annotations

Branches:
Dungeon (3/15)

Altars:


Innate Abilities, Weirdness & Mutations

You are immune to sickness and miasma.
You are immune to poison.
Your flesh is very heat resistant. (rF++)
You are vulnerable to cold. (rC-)
You float through the air rather than walking.
You learn spells naturally, not from books.
Your magical power is your life essence.
You have superior vitality. (+4 MHP)


Message History

Your crimson imp hits the orc wizard but does no damage.
The orc barely misses something.
Something closely misses your crimson imp.
Your crimson imp hits the orc wizard but does no damage.
Something barely misses your crimson imp.
Things that are here:
a +0 flail; an orc corpse
Casting: Call Imp (safe; 8% risk of failure)
Confirm with . or Enter, or press ? or * to list all spells.
The spell is quite dangerous to miscast (16% risk of failure)!
Continue anyway?
Okay, then.
The orc closely misses your crimson imp.
Your crimson imp hits the orc.
The orc dies!
Something hits you.
You start resting.
Something hits you.
Your crimson imp closely misses something.
You start resting.
Something hits you.
* * * LOW HITPOINT WARNING * * *
Your crimson imp closely misses something.
Casting: Conjure Flame (quite dangerous; 16% risk of failure)
Confirm with . or Enter, or press ? or * to list all spells.
You can't see any susceptible monsters within range! (Use Z to cast anyway.)
There is a strange disturbance nearby!
Casting: Conjure Flame (quite dangerous; 16% risk of failure)
Confirm with . or Enter, or press ? or * to list all spells.
You can't see any susceptible monsters within range! (Use Z to cast anyway.)
Casting: Conjure Flame (quite dangerous; 16% risk of failure)
Confirm with . or Enter, or press ? or * to list all spells.
The spell is quite dangerous to miscast (16% risk of failure)!
Continue anyway?
Aiming: Mephitic Cloud (quite dangerous; 16% risk of failure)
Press: ? - help, Shift-Dir - straight line, f - you The ball explodes into a vile cloud!
The stinking cloud engulfs you but does no damage.
The stinking cloud engulfs something but does no damage.
* * * LOW HITPOINT WARNING * * *
You hear some strange, mumbled words.
A magic dart appears from out of thin air!
The magic dart hits you.
You die...

#...... # #.## ##.###. #
#.#..< # ##.## ## #'
#.#..###.# #.## # ..)
....... #.# .... #.... #.##
# ..... ##.## ##.## ##
....).####§○.#########.###.
......'.5{@§...............
......####.†.###########...
..... ##.## #..# .... #.#
#.## ... #.# ####.## #+ #.#
#.....# #.# #.....# ...
#.....# #.....#


You could see a friendly crimson imp (summoned).

Vanquished Creatures
  2 worms (D:2)
  2 orcs (D:3)
  3 ball pythons
  7 endoplasms
  2 giant cockroaches
  4 hobgoblins
  2 jackals (D:1)
  4 quokkas
  9 bats
  7 frilled lizards
  5 goblins
  4 kobolds
  4 rats
55 creatures vanquished.

Vanquished Creatures (collateral kills)
  An orc (D:3)
  An endoplasm (D:1)
  A hobgoblin (D:1)
  2 ball pythons (D:1)
  A kobold (D:1)
6 creatures vanquished.

Grand Total: 61 creatures vanquished

Notes
Turn   | Place    | Note
-------+----------+-------------------------------------------
     0 | D:1      | a3don the Djinni Hedge Wizard began the quest for the Orb.
     0 | D:1      | Reached XP level 1. HP: 15/15 MP: 0/0
    76 | D:1      | Reached XP level 2. HP: 2/21 MP: 0/0
   110 | D:1      | HP: 1/21 [hobgoblin (1)]
  1785 | D:1      | Reached XP level 3. HP: 23/25 MP: 0/0
  1785 | D:1      | Learned a level 1 spell: Freeze
  4049 | D:2      | Reached XP level 4. HP: 22/31 MP: 0/0
  5295 | D:3      | Killed from afar by an orc wizard

Illustrated notes

Levels and vault maps discovered:
D:1:      dpeg_arrival_fog, layout_basic, minmay_indecisive_spiral
D:2:      layout_basic, serial_bayou_pond_c
D:3:      layout_loops_corners

Skill      XL: |  1  2  3  4 |
---------------+-------------+-----
Stealth        | 2 |  2.3
Dodging        | 3 |  3.3
Spellcasting   | 3 |  3.0
Fighting       | |  0.9

Action                   |  1- 3 |  4- 6 || total
-------------------------+-------+-------++-------
Melee: Whip              |    27 |       ||    27
 Cast: Magic Dart        |    84 |    42 ||   126
       Call Imp          |    12 |     1 ||    13
       Blink             |     2 |       ||     2
       Slow              |     6 |       ||     6
       Mephitic Cloud    |     2 |     2 ||     4
 Stab: Sleeping          |     1 |       ||     1
Armor: Robe              |     6 |       ||     6
Dodge: Dodged            |    31 |       ||    31
